 Dungeon Crawl Stone Soup version 0.25-a0-697-g890751e744 (webtiles) character file.

Game seed: 15466672100826669555, levelgen mode: deterministic

4569 M4edhros the Basher (level 10, -6/66 HPs)
             Began as an Octopode Artificer on Apr 1, 2020.
             Was a High Priest of Cheibriados.
             Mangled by a troll (14 damage)
             ... on level 10 of the Dungeon.
             The game lasted 00:35:28 (6087 turns).

M4edhros the Basher (Octopode Artificer)            Turns: 6087, Time: 00:35:28

Health: -6/66      AC:  1    Str: 22    XL:     10   Next: 41%
Magic:  13/13      EV: 16    Int: 25    God:    Cheibriados [*****.]
Gold:   592        SH:  7    Dex: 31    Spells: 6/9 levels left

rFire    . . .     SeeInvis .   B - +5 trident (freeze)
rCold    . . .     Gourm    .   m - +0 buckler
rNeg     . . .     Faith    .   (helmet restricted)
rPois    .         Spirit   .   j - amulet of magic regeneration
rElec    .         Reflect  .   u - +4 ring of dexterity
rCorr    .         Harm     .   (no ring)
MR       .....                  (no ring)
Stlth    +++++.....             (no ring)
HPRegen  0.21/turn              (no ring)
MPRegen  0.38/turn              (no ring)
                                (no ring)
                                (no ring)

@: studying Maces & Flails, very slow
A: almost no armour, stealthy swim, amphibious, 8 rings, constrict 8, camouflage
1, robust 1, gelatinous body 1, MP-powered wands
a: Bend Time, Temporal Distortion, Slouch, Step From Time, Renounce Religion


You were on level 10 of the Dungeon.
You worshipped Cheibriados.
Cheibriados was extremely pleased with you.
You were not hungry.

You visited 1 branch of the dungeon, and saw 10 of its levels.

You collected 592 gold pieces.

Inventory:

Hand Weapons
 i - the +4 falchion "Relau" {drain, +Rage MR+ Str+5 Int-2, unknown}
   (You found it on level 9 of the Dungeon)

   A truly terrible weapon, it drains the life of those it strikes.
   It affects your strength (+5).
   It affects your intelligence (-2).
   It affects your resistance to hostile enchantments.
   It lets you go berserk.
 n - a +4 hunting sling
 v - a +2 flail of protection
 B - a +5 trident of freezing (weapon)
Missiles
 l - 94 sling bullets
 x - a boomerang of dispersal
 D - 194 stones (quivered)
Armour
 m - a +0 buckler (worn)
Jewellery
 j - an amulet of magic regeneration (around mantle)
 u - a +4 ring of dexterity (left tentacle)
Wands
 c - a wand of enslavement (2)
 d - a wand of random effects (7)
 e - a wand of polymorph (16)
 G - a wand of digging (7)
 I - a wand of paralysis (3)
 J - a wand of scattershot (5)
Scrolls
 a - 2 scrolls of fog {unknown}
 g - 2 scrolls of amnesia {unknown}
 h - 4 scrolls of teleportation
 k - 2 scrolls of enchant armour {unknown}
 p - 3 scrolls of remove curse
 w - a scroll of blinking {unknown}
 y - 3 scrolls of magic mapping {unknown}
 E - a scroll of immolation {unknown}
 H - a scroll of vulnerability {unknown}
Potions
 o - 2 potions of flight
 r - a potion of might
 s - a potion of resistance {unknown}
 t - 5 potions of curing
 z - a potion of mutation
 A - a potion of berserk rage
 C - a potion of heal wounds
 K - a potion of magic {unknown}
Books
 F - a manual of Maces & Flails
Comestibles
 b - a chunk of flesh
 f - 11 rations


   Skills:
 + Level 2.3 Fighting
   Level 1.0 Short Blades
 + Level 10.1 Maces & Flails
 + Level 8.8 Polearms
 + Level 3.0 Dodging
 - Level 5.4 Stealth
 - Level 4.0 Shields
 - Level 2.5 Conjurations
 - Level 2.5 Air Magic
 - Level 2.9 Poison Magic
 * Level 3.3 Invocations
 - Level 5.3 Evocations


You had 6 spell levels left.
You knew the following spells:

 Your Spells              Type           Power        Failure   Level  Hunger
a - Mephitic Cloud        Conj/Pois/Air  ##......     14%         3    ####...

Your spell library contained the following spells:

 Spells                   Type           Power        Failure   Level  Hunger
 Magic Dart               Conj           ##..         4%          1    ##.....
 Blink                    Tloc           N/A          21%         2    ###....
 Call Imp                 Summ           #.......     21%         2    ###....
 Slow                     Hex            #.......     21%         2    ###....
 Conjure Flame            Conj/Fire      #.......     24%         3    ####...
 Confusing Touch          Hex            #.......     38%         3    ####...
 Gell's Gravitas          Tloc           #.........   38%         3    ####...
 Petrify                  Tmut/Erth      #.......     80%         4    #####..
 Metabolic Englaciation   Hex/Ice        #.........   98%         5    ######.
 Yara's Violent Unravell  Hex/Tmut       #.........   98%         5    ######.


Dungeon Overview and Level Annotations

Branches:
Dungeon (10/15)            Temple (0/1) D:7            Lair (0/6) D:8
    Orc: D:9-12

Altars:
Ashenzari
Cheibriados
Fedhas
Makhleb
Okawaru
Ru
Vehumet
Xom
Yredelemnul
Zin
The Shining One

Annotations:
D:6 Grinder
D:9 4 runed translucent doors


Innate Abilities, Weirdness & Mutations

You cannot wear most types of armour.
You are very stealthy in the water. (Stealth+)
You are amphibious.
You can wear up to eight rings at the same time.
You can use your tentacles to constrict eight enemies at once.
Your skin changes colour to match your surroundings (Stealth+).
Your rubbery body absorbs attacks. (AC +1, EV +1)
You are robust. (+10% HP)
You expend magic power (3 MP) to strengthen your wands.


Message History

Aim: a troll (severely wounded)
You hit the troll. You freeze the troll. Your squeeze misses the troll.
The troll is severely wounded.
The troll bites you! You block the troll's attack. The troll claws you.
Attack whom?
Press: ? - help, Dir - move target cursor, f/p - troll
Aim: a troll (severely wounded)
You hit the troll. You freeze the troll. Your squeeze misses the troll.
The troll is severely wounded.
You block the troll's attack. The troll claws you!
The troll closely misses you.
Attack whom?
Press: ? - help, Dir - move target cursor, f/p - troll
Aim: a troll (severely wounded)
You barely miss the troll. You squeeze the troll.
The troll is severely wounded.
The troll bites you!
* * * LOW HITPOINT WARNING * * *
The troll closely misses you. The troll claws you!
You die...

### #.# #. ##
########.# #.. ..
#..T@....# #.# #.
###.####.# #.# #.
#.####.#######.# #.
#..............###.
######.#........##.
...#..<........
#####........##.
...............
##############<


You could see a troll.

Vanquished Creatures
  Joseph (D:8)
  Edmund (D:6)
  2 wargs (D:8)
  A vampire (D:9)
  2 wyverns (D:9)
  2 hungry ghosts (D:8)
  A black bear (D:10)
  An orc warrior (D:10)
  A sky beast (D:9)
  A necrophage (D:10)
  2 phantoms
  2 ogres
  3 centaurs
  4 big kobolds
  A bullfrog (D:9)
  A gnoll sergeant (D:5)
  3 scorpions
  8 wights
  3 howler monkeys (D:8)
  5 crimson imps
  3 hounds
  A jelly (D:10)
  6 orc wizards
  6 worker ants
  A killer bee zombie (D:5)
  A howler monkey zombie (D:7)
  2 worker ant zombies
  11 gnolls
  5 adders
  3 shadow imps
  An ooze (D:4)
  2 adder zombies
  3 worms
  A dart slug (D:2)
  6 leopard geckos
  28 orcs
  A ball python (D:1)
  6 giant cockroaches
  5 goblins
  7 hobgoblins
  6 jackals
  17 kobolds
  A quokka (D:5)
  5 bats
  3 frilled lizards
  A jackal skeleton (D:5)
  A leopard gecko zombie (D:5)
  6 rats
  A spectral orc (D:8)
185 creatures vanquished.

Vanquished Creatures (collateral kills)
  A centaur (D:8)
  A bullfrog (D:7)
  A gnoll sergeant (D:5)
  A crimson imp (D:5)
  A centaur skeleton (D:4)
  An iguana (D:8)
  5 gnolls (D:5)
  An adder (D:4)
  An orc (D:8)
  A giant cockroach (D:8)
  A hobgoblin (D:2)
15 creatures vanquished.

Vanquished Creatures (others)
  A bullfrog (D:7)
  An ogre (D:6)
  An orc priest (D:8)
  A goblin (D:2)
4 creatures vanquished.

Grand Total: 204 creatures vanquished

Notes
Turn   | Place    | Note
-------+----------+-------------------------------------------
     0 | D:1      | M4edhros the Octopode Artificer began the quest for the
                  | Orb.
     0 | D:1      | Reached XP level 1. HP: 13/13 MP: 3/3
   112 | D:1      | Reached XP level 2. HP: 4/18 MP: 4/4
   482 | D:2      | Reached skill level 1 in Polearms
   482 | D:2      | Reached XP level 3. HP: 14/23 MP: 5/5
   728 | D:2      | Reached XP level 4. HP: 10/28 MP: 7/7
  1070 | D:3      | Reached skill level 1 in Shields
  1225 | D:4      | Learned a level 3 spell: Mephitic Cloud
  1305 | D:5      | Entered Level 5 of the Dungeon
  1309 | D:5      | Reached XP level 5. HP: 31/33 MP: 8/8
  1494 | D:6      | Noticed Edmund
  1494 | D:6      | Noticed an ogre
  1520 | D:6      | Killed Edmund
  1520 | D:6      | Reached skill level 1 in Conjurations
  1520 | D:6      | Reached skill level 1 in Air Magic
  1520 | D:6      | Reached skill level 1 in Poison Magic
  1520 | D:6      | Reached XP level 6. HP: 23/38 MP: 9/9
  1959 | D:5      | Found a glowing golden altar of the Shining One,
  1959 | D:5      | Found a snail-covered altar of Cheibriados,
  1960 | D:5      | Found a sacrificial altar of Ru,
  1967 | D:5      | Became a worshipper of Cheibriados the Contemplative
  2023 | D:5      | Noticed a sky beast
  2088 | D:5      | Noticed a sky beast
  2398 | D:3      | Found an iron altar of Okawaru,
  2400 | D:3      | Found a burning altar of Makhleb,
  2400 | D:3      | Found a shimmering altar of Xom,
  2402 | D:3      | Found a shimmering altar of Xom,
  2402 | D:3      | Found a blossoming altar of Fedhas,
  2402 | D:3      | Found a snail-covered altar of Cheibriados,
  2940 | D:4      | Reached * piety under Cheibriados
  2963 | D:4      | Reached XP level 7. HP: 33/43 MP: 10/10
  2972 | D:4      | Noticed a hippogriff
  3024 | D:4      | Found a glowing silver altar of Zin,
  3177 | D:3      | You fall into a shaft and drop 1 floor!
  3306 | D:5      | Reached skill level 1 in Maces & Flails
  3312 | D:5      | Reached skill level 5 in Stealth
  3312 | D:5      | Reached skill level 5 in Evocations
  3624 | D:5      | Reached skill level 2 in Maces & Flails
  3847 | D:6      | Noticed Grinder
  3907 | D:6      | Found a shattered altar of Ashenzari,
  3946 | D:6      | You fall into a shaft and drop 1 floor!
  3946 | D:7      | Found an iron altar of Okawaru,
  3960 | D:7      | Reached ** piety under Cheibriados
  3989 | D:7      | Reached XP level 8. HP: 42/48 MP: 11/11
  4007 | D:7      | Reached skill level 3 in Maces & Flails
  4021 | D:7      | Found a staircase to the Ecumenical Temple,
  4058 | D:7      | Found a radiant altar of Vehumet,
  4202 | D:6      | Reached skill level 4 in Maces & Flails
  4440 | D:6      | Reached skill level 5 in Maces & Flails
  4687 | D:8      | Noticed Joseph
  4703 | D:8      | Killed Joseph
  4703 | D:8      | Reached skill level 6 in Maces & Flails
  4708 | D:8      | Reached skill level 5 in Polearms
  4708 | D:8      | Reached XP level 9. HP: 27/53 MP: 12/12
  4775 | D:8      | Reached skill level 7 in Maces & Flails
  4778 | D:8      | Reached *** piety under Cheibriados
  5040 | D:8      | Found a basalt altar of Yredelemnul,
  5092 | D:8      | Reached skill level 8 in Maces & Flails
  5252 | D:8      | Found a staircase to the Lair,
  5281 | D:8      | Noticed a two-headed ogre
  5354 | D:8      | Reached **** piety under Cheibriados
  5498 | D:8      | Reached skill level 9 in Maces & Flails
  5644 | D:9      | Reached XP level 10. HP: 53/58 MP: 13/13
  5669 | D:9      | Found a huge runed translucent gate,
  5684 | D:9      | Found a huge runed translucent gate,
  5684 | D:9      | Found a huge runed translucent gate,
  5684 | D:9      | Noticed a death yak
  5692 | D:9      | Reached skill level 1 in Invocations
  5726 | D:9      | Gained mutation: You expend magic power (3 MP) to
                  | strengthen your wands. [potion of mutation]
  5726 | D:9      | Gained mutation: You are robust. (+10% HP) [potion of
                  | mutation]
  5763 | D:9      | Got a warped falchion
  5835 | D:9      | Found a huge runed translucent gate,
  5836 | D:9      | Noticed a death yak
  5889 | D:10     | Entered Level 10 of the Dungeon
  5913 | D:10     | Reached ***** piety under Cheibriados
  5920 | D:10     | Reached skill level 10 in Maces & Flails
  6087 | D:10     | Mangled by a troll

Levels and vault maps discovered:
D:1:      lemuel_arrival_tunnels, layout_loops_ring
D:2:      layout_rooms
D:3:      layout_loops_ring, fedhas_altar_1, doesnt_xom_only_xom, first_ration,
          st_stairs_12
D:4:      layout_basic, old_standard_altar, minmay_manual_moon
D:5:      layout_loops_ring, kennysheep_little_box,
          gammafunk_temple_overflow_claw
D:6:      layout_loops_corners, grunt_ashenzari_visionary
          [grunt_ashenzari_visionary_swamp, grunt_ashenzari_visionary_snake],
          uniq_edmund, uniq_grinder
D:7:      layout_rooms, okawaru_metal_pillars_1_2, vehumet_statue, temple_pool_b
D:8:      layout_basic, yredelemnul_forgotten_temple_becter,
          erik_lair_orcish_takeover, uniq_joseph
D:9:      lemuel_bear_cage, layout_rooms
D:10:     minmay_the_grid_3x3 [minmay_the_grid_outer_circle,
          minmay_the_grid_armoury, minmay_the_grid_expand,
          minmay_the_grid_zigzag_pyramid, minmay_the_grid_embedded,
          minmay_the_grid_pillar_ring, minmay_the_grid_square_x,
          minmay_the_grid_doors, minmay_the_grid_prize_shrinking_boxes],
          layout_basic, hangedman_pestilent_swarm

Skill      XL: |  1  2  3  4  5  6  7  8  9 10 |
---------------+-------------------------------+-----
Stealth        | 2 3 4 5 |  5.4
Polearms       | 1 2 5 8 |  8.8
Evocations     | 4 5 |  5.3
Shields        | 1 2 3 4 |  4.0
Conjurations   | 1 2 |  2.5
Air Magic      | 1 2 |  2.5
Poison Magic   | 1 2 |  2.9
Maces & Flails | 2 6 9 10 | 10.1
Invocations    | 3 |  3.3
Fighting       | 2 |  2.3
Dodging        | 3 |  3.0
Short Blades   | |  1.0

Action                   |  1- 3 |  4- 6 |  7- 9 | 10-12 || total
-------------------------+-------+-------+-------+-------++-------
Melee: Short sword       |    17 |    39 |       |       ||    56
       Constrict         |    13 |    27 |    48 |    10 ||    98
       Halberd           |    40 |       |       |       ||    40
       Tentacles         |     8 |    15 |    60 |    23 ||   106
       Flail             |       |    40 |    62 |       ||   102
       Trident           |       |       |   131 |    75 ||   206
 Fire: Hunting sling     |       |       |     3 |       ||     3
Throw: Stone             |       |       |     1 |       ||     1
 Cast: Mephitic Cloud    |       |       |     1 |       ||     1
Evoke: Wand              |     7 |    23 |    22 |     1 ||    53
  Use: Scroll            |       |       |    10 |     3 ||    13
       Potion            |       |       |     1 |     1 ||     2
 Stab: Sleeping          |     1 |    10 |    11 |     5 ||    27
       Betrayed ally     |     1 |     1 |       |       ||     2
       Distracted        |       |     1 |     3 |     1 ||     5
       Paralysed         |       |       |     8 |     6 ||    14
  Eat: Chunk             |       |     7 |     7 |     1 ||    15
Armor: Skin              |     7 |     9 |    12 |     1 ||    29
Dodge: Dodged            |    28 |    42 |    74 |    24 ||   168
Block: Buckler           |     1 |    18 |    36 |    22 ||    77

Table legend:
 A = Non-vault XP
 B = Vault XP
 C = Vault XP percentage of total XP
 D = Non-vault monster count
 E = Vault monster count
 F = Vault count percentage of total count
                 A         B        C        D         E       F
            +---------+---------+-------+---------+---------+-------
      Total |    5038 |    1490 |  22.8 |     185 |      15 |   7.5
            +---------+---------+-------+---------+---------+-------
        D:1 |      41 |       0 |   0.0 |      11 |       0 |   0.0
        D:2 |      91 |       0 |   0.0 |      25 |       0 |   0.0
        D:3 |      76 |       1 |   1.3 |      17 |       1 |   5.6
        D:4 |      59 |      41 |  41.0 |      10 |       2 |  16.7
        D:5 |     383 |       0 |   0.0 |      19 |       0 |   0.0
        D:6 |     462 |     222 |  32.5 |      17 |       1 |   5.6
        D:7 |     454 |       0 |   0.0 |      12 |       0 |   0.0
        D:8 |    1401 |     937 |  40.1 |      37 |       8 |  17.8
        D:9 |    1320 |       0 |   0.0 |      19 |       0 |   0.0
       D:10 |     751 |     289 |  27.8 |      18 |       3 |  14.3
            +---------+---------+-------+---------+---------+-------
